 Dungeon Crawl Stone Soup version 0.29.1-12-g30fa7ad0bf (webtiles) character file.

Game seed: 9735216510555754215

669 mopl the Sneak (level 7, -6/46 HPs)
             Began as a Formicid Enchanter on Jan 15, 2023.
             Mangled by an orc warrior
             ... wielding a +0 long sword
              (11 damage)
             ... on level 4 of the Dungeon.
             The game lasted 00:08:12 (4398 turns).

mopl the Sneak (Formicid Enchanter)                 Turns: 4398, Time: 00:08:12

Health: -6/46      AC:  3    Str: 12    XL:     7   Next: 89%
Magic:  1/13       EV: 12    Int: 17    God:
Gold:   245        SH:  0    Dex: 14    Spells: 3/14 levels left

rFire   . . .      SeeInvis +   a - +2 dagger (elec)
rCold   . . .      Faith    .   (no shield)
rNeg    . . .      Spirit   .   b - +0 robe
rPois   .          Reflect  .   (helmet unavailable)
rElec   .          Harm     .   (no cloak)
rCorr   .          Rampage  .   x - +0 pair of gloves
Will    .....                   (no boots)
Stlth   +++.......              F - amulet of the acrobat
HPRegen 0.15/turn               (no ring)
MPRegen 0.13/turn               (no ring)

@: mighty, invisible
A: permanent stasis, dig shafts and tunnels, antennae 3, four strong arms
a: Dig, Shaft Self


You were on level 4 of the Dungeon.
You visited 1 branch of the dungeon, and saw 4 of its levels.
You also visited: Sewer.

You collected 245 gold pieces.

Inventory:

Hand Weapons
 a - a +2 dagger of electrocution (weapon)
 y - a +5 flail of holy wrath
 A - a +2 whip of electrocution
Missiles
 l - 8 javelins
 C - 8 poisoned darts
Armour
 b - a +0 robe (worn)
 x - a +0 pair of gloves (worn)
Jewellery
 d - an amulet of guardian spirit
 n - a ring of fire
 F - an amulet of the acrobat (around neck)
Wands
 i - a wand of digging (5)
 u - a wand of polymorph (2)
Scrolls
 h - a scroll of brand weapon {unknown}
 j - a scroll of torment {unknown}
 m - a scroll of poison {unknown}
 p - 5 scrolls of identify {unknown}
 s - a scroll of magic mapping {unknown}
 t - a scroll of immolation {unknown}
 v - a scroll of enchant armour {unknown}
 w - a scroll of vulnerability {unknown}
 B - a scroll of enchant weapon {unknown}
 G - a scroll of teleportation {unknown}
Potions
 c - 2 potions of invisibility
 e - 4 potions of might
 f - 4 potions of curing {unknown}
 g - a potion of flight {unknown}
 k - a potion of brilliance {unknown}
 o - a potion of haste {unknown}
 q - a potion of cancellation {unknown}
 z - a potion of berserk rage {unknown}
 D - a potion of lignification {unknown}
 E - a potion of resistance {unknown}
 H - a potion of magic {unknown}
Miscellaneous
 r - a tin of tremorstones (inert)


   Skills:
 + Level 1.0 Short Blades
 - Level 1.7 Dodging
 + Level 6.1 Stealth
 + Level 4.4 Spellcasting
 + Level 1.8 Conjurations
 + Level 5.8 Hexes
 + Level 3.4 Ice Magic


You had 3 spell levels left.
You knew the following spells:

 Your Spells              Type           Power      Damage    Failure   Level
a - Confusing Touch       Hex            23%        N/A       4%          3
b - Ensorcelled Hibernat  Hex/Ice        38%        N/A       3%          2
d - Tukima's Dance        Hex            23%        N/A       4%          3
f - Dazzling Flash        Conj/Hex       32%        N/A       10%         3

Your spell library contained the following spells:

 Spells                   Type           Power      Damage    Failure   Level
 Passwall                 Tmut/Erth      2%         N/A       22%         2
 Conjure Flame            Conj/Fire      6%         6-21      30%         3
 Ignite Poison            Fire/Tmut/Pois 3%         N/A       41%         3
 Sticky Flame             Conj/Fire      6%         2d3       71%         4
 Swiftness                Air            Unusable   N/A       N/A         3

Dungeon Overview and Level Annotations

Branches:
Dungeon (4/15)              Sewer (visited)
 Temple: D:4-7

Altars:
Ashenzari
Elyvilon
Qazlal
Trog
Vehumet
Zin
The Shining One

Annotations:
D:4 Dowan, Duvessa


Innate Abilities, Weirdness & Mutations

You cannot be hasted, slowed, berserked, paralysed or teleported.
You can dig through walls and to a lower floor.
You have a pair of large antennae on your head. (SInv)
Your four strong arms can wield two-handed weapons with a shield.


Message History

Casting: Tukima's Dance (dangerous; 4% risk of failure)
Confirm with . or Enter, or press ? or * to list all spells.
Aiming: Tukima's Dance (dangerous; 4% risk of failure)
Press: ? - help, Shift-Dir - straight line, f/p - orc warrior
Aim: an orc warrior, wielding a +0 long sword and wearing a +0 plate armour (chance to affect: 55%)
The orc warrior resists with significant effort.
Unknown command.
Casting: Tukima's Dance (dangerous; 4% risk of failure)
Confirm with . or Enter, or press ? or * to list all spells.
Aiming: Tukima's Dance (dangerous; 4% risk of failure)
Press: ? - help, Shift-Dir - straight line, f/p - orc warrior
Aim: an orc warrior, wielding a +0 long sword and wearing a +0 plate armour (chance to affect: 55%)
The orc warrior resists with significant effort.
Unknown command.
The orc warrior resists with some effort.
The orc warrior hits you with a +0 long sword!!
You are too injured to fight recklessly!
Casting: Ensorcelled Hibernation (safe; 3% risk of failure)
Confirm with . or Enter, or press ? or * to list all spells.
You don't know that spell.
Unknown command.
Unknown command.
Casting: Ensorcelled Hibernation (safe; 3% risk of failure)
Confirm with . or Enter, or press ? or * to list all spells.
Aiming: Ensorcelled Hibernation (safe; 3% risk of failure)
Press: ? - help, Shift-Dir - straight line, f/p - orc warrior
Aim: an orc warrior, wielding a +0 long sword and wearing a +0 plate armour (chance to affect: 51%)
The orc warrior resists with some effort.
The orc warrior hits you with a +0 long sword!
* * * LOW HITPOINT WARNING * * *
You fade into invisibility!
The orc warrior closely misses you.
It was a potion of might.
You feel very mighty all of a sudden. The orc warrior misses you.
You hit the orc warrior.
Lightning courses through the orc warrior!
The orc warrior is moderately wounded.
The orc warrior hits you with a +0 long sword!
You die...

#.... #........
....#################
#....................
#....................
#....................
#....................
+.............>......
#...o....>...........
##..@..######'#######
#.....#......[..'...
#.....#.........#...
#....)#.........#...
#.....#.........#...
#.....')........#...
#.....#+####....####
###.......##....####
#.......#...####..


You could see an orc warrior (unable to see you).

Vanquished Creatures
  An ogre (D:4)
  A scorpion (D:4)
  2 bullfrogs (Sewer)
  A jelly (D:4)
  A hound (D:4)
  An iguana (D:4)
  3 gnolls (D:4)
  5 adders
  An ufetubus (D:4)
  3 worms (D:3)
  2 dart slugs
  7 orcs
  12 ball pythons
  13 endoplasms
  11 giant cockroaches
  5 goblins
  6 hobgoblins
  7 quokkas
  6 bats
  13 frilled lizards
  5 kobolds
  4 rats
110 creatures vanquished.

Vanquished Creatures (collateral kills)
  Edmund (D:4)
1 creature vanquished.

Grand Total: 111 creatures vanquished

Notes
Turn   | Place    | Note
-------+----------+-------------------------------------------
     0 | D:1      | mopl the Formicid Enchanter began the quest for the Orb.
     0 | D:1      | Reached XP level 1. HP: 13/13 MP: 3/3
   210 | D:1      | Reached XP level 2. HP: 13/19 MP: 5/5
   213 | D:1      | Learned a level 2 spell: Ensorcelled Hibernation
   536 | D:1      | Reached skill level 4 in Stealth
   536 | D:1      | Reached skill level 4 in Hexes
   896 | D:2      | Reached XP level 3. HP: 24/24 MP: 4/7
   900 | D:2      | Learned a level 3 spell: Confusing Touch
  1075 | D:2      | Reached skill level 1 in Ice Magic
  1212 | D:2      | Reached XP level 4. HP: 15/30 MP: 3/8
  1358 | D:2      | Learned a level 3 spell: Tukima's Dance
  1648 | D:3      | Found a radiant altar of Vehumet.
  1649 | D:3      | Found a faded altar of an unknown god.
  1761 | D:3      | Found a glowing golden altar of the Shining One.
  1761 | D:3      | Found a white marble altar of Elyvilon.
  1761 | D:3      | Found a glowing silver altar of Zin.
  1765 | D:3      | Found a glowing drain.
  1776 | Sewer    | Entered a sewer
  1791 | Sewer    | Reached skill level 3 in Spellcasting
  2443 | Sewer    | Noticed a bullfrog
  2452 | Sewer    | Killed a bullfrog
  2453 | Sewer    | Reached skill level 2 in Ice Magic
  2453 | Sewer    | Reached XP level 5. HP: 24/35 MP: 1/10
  2556 | Sewer    | Noticed a bullfrog
  2578 | Sewer    | Killed a bullfrog
  2579 | Sewer    | Reached skill level 5 in Stealth
  2579 | Sewer    | Reached skill level 5 in Hexes
  2579 | Sewer    | Reached XP level 6. HP: 41/41 MP: 8/11
  2911 | D:3      | Found a broken altar of Ashenzari.
  2972 | D:3      | Found a stormy altar of Qazlal.
  3361 | D:4      | Learned a level 3 spell: Dazzling Flash
  3378 | D:4      | Found a bloodstained altar of Trog.
  3446 | D:4      | Noticed Edmund
  3456 | D:4      | Killed Edmund
  3457 | D:4      | Reached XP level 7. HP: 36/46 MP: 2/12
  3520 | D:4      | Reached skill level 4 in Spellcasting
  3552 | D:4      | Reached skill level 1 in Conjurations
  3751 | D:4      | Reached skill level 3 in Ice Magic
  3898 | D:4      | Reached skill level 6 in Stealth
  4010 | D:4      | Noticed Duvessa
  4010 | D:4      | Noticed Dowan
  4398 | D:4      | Mangled by an orc warrior

Illustrated notes

Levels and vault maps discovered:
D:1:      dpeg_arrival_castle, layout_loops_ring
D:2:      layout_rooms, minmay_statues_item
D:3:      layout_loops_corners, good_gods_mini_temple, vehumet_crystals,
          lemuel_doored_altar, nicolae_qazlal_general_emergency,
          cheibrodos_sewer_entry_drain, dreamdust_ecumenical_altar_statues
D:4:      minmay_general_purpose_star, layout_gridville, bloody_trog,
          minmay_pentomino_pile, uniq_grinder, uniq_duvessa, uniq_pikel,
          uniq_edmund

Skill      XL: |  1  2  3  4  5  6  7 |
---------------+----------------------+-----
Stealth        | 4 5 6 |  6.1
Hexes          | 4 5 |  5.8
Ice Magic      | 1 2 3 |  3.4
Spellcasting   | 3 4 |  4.4
Conjurations   | 1 |  1.8
Short Blades   | |  1.0
Dodging        | |  1.7

Action                   |  1- 3 |  4- 6 |  7- 9 || total
-------------------------+-------+-------+-------++-------
Melee: Dagger            |    75 |   230 |    61 ||   366
       Punch             |       |     3 |     1 ||     4
 Cast: Ensorcelled Hiber |     5 |    15 |    26 ||    46
       Tukima's Dance    |       |     2 |     4 ||     6
 Abil: Dig               |     2 |       |       ||     2
Evoke: Tin of tremorston |       |       |     2 ||     2
  Use: Potion            |       |       |     2 ||     2
 Stab: Sleeping          |    10 |    18 |    14 ||    42
       Distracted        |       |       |     1 ||     1
Armor: Robe              |    11 |    42 |     7 ||    60
Dodge: Dodged            |    61 |   130 |    57 ||   248
